 Dungeon Crawl Stone Soup version 0.24.1-8-ga250c9d538 (webtiles) character file.

Game seed: 11635709028872519878, levelgen mode: deterministic

4382 raph the Spear-Bearer (level 10, -7/73 HPs)
             Began as a Merfolk Skald on May 7, 2020.
             Was a Priest of Kikubaaqudgha.
             Mangled by a porcupine (9 damage)
             ... on level 1 of the Lair of Beasts.
             The game lasted 00:37:12 (10971 turns).

raph the Spear-Bearer (Merfolk Skald)              Turns: 10971, Time: 00:37:12

Health: -7/73      AC:  6    Str: 11    XL:     10   Next: 35%
Magic:  2/16       EV: 13    Int: 15    God:    Kikubaaqudgha [***...]
Gold:   579        SH:  0    Dex: 15    Spells: 4/17 levels left

rFire    . . .     SeeInvis .   a - +3 trident
rCold    . . .     Gourm    .   (no shield)
rNeg     . . .     Faith    .   b - +1 leather armour
rPois    +         Spirit   .   (no helmet)
rElec    .         Reflect  .   y - +0 cloak {+Inv}
rCorr    +         Harm     .   p - +0 pair of gloves
MR       .....                  (no boots)
Stlth    ++........             (no amulet)
HPRegen  0.22/turn              s - ring of poison resistance
MPRegen  0.15/turn              u - ring of resist corrosion

@: singing, very slightly contaminated
A: change form in water, swift swim, stealthy swim
a: Receive Corpses, Renounce Religion, Evoke Invisibility


You were on level 1 of the Lair of Beasts.
You worshipped Kikubaaqudgha.
Kikubaaqudgha was most pleased with you.
You were not hungry.

You visited 2 branches of the dungeon, and saw 10 of its levels.
You also visited: Sewer and Gauntlet.

You collected 579 gold pieces.

Inventory:

Hand Weapons
 a - a +3 trident (weapon)
 n - a +0 spear
 C - a +0 trident
Missiles
 c - 16 poisoned darts (quivered)
 l - 279 stones
 q - 2 curare-tipped darts
Armour
 b - a +1 leather armour (worn)
 p - a +0 pair of gloves (worn)
 y - a +0 cloak of invisibility (worn)
Magical Staves
 v - an uncursed staff of conjuration
 w - an uncursed staff of power
Jewellery
 s - a ring of poison resistance (left hand)
 u - a ring of resist corrosion (right hand)
Wands
 e - a wand of digging (5)
 B - a wand of iceblast (4)
Scrolls
 f - a scroll of fear
 k - 7 scrolls of teleportation
 m - 2 scrolls of remove curse
 o - 2 scrolls of blinking
 t - 2 scrolls of magic mapping
 z - a scroll of identify
Potions
 g - a potion of lignification
 h - 2 potions of brilliance
 i - a potion of berserk rage
 j - 6 potions of curing
 r - a potion of ambrosia
 x - a potion of cancellation
 A - a potion of flight
Comestibles
 d - 16 rations
 D - a chunk of flesh


   Skills:
 + Level 4.9 Fighting
 - Level 12.0 Polearms
 - Level 3.5 Throwing
 + Level 3.0 Armour
 + Level 3.2 Dodging
 + Level 1.3 Stealth
 - Level 4.2 Spellcasting
 - Level 1.4 Hexes
 + Level 8.0 Charms
 + Level 4.4 Necromancy


You had 4 spell levels left.
You knew the following spells:

 Your Spells              Type           Power        Failure   Level  Hunger
a - Infusion              Chrm           ####         1%          1    None
b - Song of Slaying       Chrm           ####....     1%          2    ##.....
c - Spectral Weapon       Hex/Chrm       ###.....     10%         3    ###....
d - Animate Skeleton      Necr           N/A          3%          1    None
e - Regeneration          Chrm/Necr      ###.......   5%          3    ###....
f - Pain                  Necr           ###.         3%          1    None
g - Shroud of Golubria    Chrm/Tloc      ###...       7%          2    ##.....

Your spell library contained the following spells:

 Spells                   Type           Power        Failure   Level  Hunger
 Sublimation of Blood     Necr           ###.......   5%          2    ##.....
 Vampiric Draining        Necr           ###.......   11%         3    ###....
 Summon Small Mammal      Summ           #...         22%         1    None
 Call Imp                 Summ           #.......     34%         2    ##.....
 Summon Guardian Golem    Hex/Summ       #.......     45%         3    ###....
 Call Canine Familiar     Summ           #.......     56%         3    ###....
 Summon Ice Beast         Ice/Summ       #.......     92%         4    ####...
 Summon Lightning Spire   Summ/Air       #.......     92%         4    ####...
 Excruciating Wounds      Chrm/Necr      ###.......   43%         5    ######.
 Agony                    Necr           ###.....     69%         5    ######.
 Dispel Undead            Necr           ###.....     69%         5    ######.
 Borgnjor's Vile Clutch   Necr/Erth      #.........   94%         5    ######.
 Simulacrum               Ice/Necr       #.........   100%        6    #######


Dungeon Overview and Level Annotations

Branches:
Dungeon (9/15)             Temple (0/1) D:6            Lair (1/6) D:8
  Sewer (visited)         Gauntlet (visited)
    Orc: D:9-12

Altars:
Ashenzari
Cheibriados
Dithmenos
Fedhas
Kikubaaqudgha
Yredelemnul
Zin

Annotations:
D:4 1 runed translucent door, Hugehornet's ghost, amateur OpTm
D:8 2 transporters, Callino's ghost, novice MfGl


Message History

Your Charms skill increases to level 8!
Attack whom?
Press: ? - help, Dir - move target cursor, f - porcupine
Aim: a porcupine You reach to attack!
You closely miss the porcupine.
Attack whom?
Press: ? - help, Dir - move target cursor, f/p - porcupine
Aim: a porcupine You are struck by the porcupine's spines.
* * * LOW HITPOINT WARNING * * *
You closely miss the porcupine.
The porcupine bites you but does no damage.
You are struck by the porcupine's spines.
* * * LOW HITPOINT WARNING * * *
You hit the porcupine but do no damage. The porcupine closely misses you.
You are struck by the porcupine's spines.
* * * LOW HITPOINT WARNING * * *
You barely miss the porcupine. The porcupine bites you!
You die...
Kikubaaqudgha rasps: "You have failed me!
Welcome... death!"

*,,,,,* **, *....,**
**, #####....,,*****,,
#........,,,,,**,,
#........,,,,***,,
#........,,,,* *,,
#.##≈#...,,,,***,,
#.#≈≈#...,,,,>,,,*
#@#≈≈#...,,,,,,,,*
#r#≈.#...,,,,*,*** ***
##*###Y.......,,,,***
*,**#.P#.Y##......,,,**
*,.##....YY.......,,,,*
#,.....[P#.$.....#*****
#..##...##.#.....#
#..##...#?Y#.....#
##..#.....#.Y###.##


You could see 3 yaks and a porcupine.

Vanquished Creatures
  Pikel (D:7)
  A hippogriff (Lair:1)
  7 yaks
  2 porcupines (Lair:1)
  An orc warrior (D:6)
  A black bear (D:7)
  An ice beast (D:7)
  A centaur (D:8)
  4 ogres
  2 bullfrogs (Sewer)
  A wyvern zombie (D:6)
  A wyvern skeleton (D:8)
  4 scorpions
  5 killer bees (D:7)
  2 howler monkeys (D:7)
  2 bullfrog zombies
  A crimson imp (D:6)
  A quasit (D:8)
  A jelly (D:6)
  2 bullfrog skeletons
  5 orc priests
  6 hounds
  4 orc wizards
  Crazy Yiuf (D:5)
  2 iguanas
  2 worker ants
  A gnoll (D:7)
  17 adders
  A shadow imp (D:7)
  An adder skeleton (D:7)
  3 worms
  3 dart slugs
  6 leopard geckos
  27 orcs
  8 ball pythons
  11 giant cockroaches
  9 goblins
  14 hobgoblins
  13 jackals
  11 kobolds
  5 quokkas
  4 bats
  11 frilled lizards
  A jackal skeleton (D:9)
  2 quokka skeletons
  A quokka zombie (D:7)
  9 rats
219 creatures vanquished.

Vanquished Creatures (collateral kills)
  A killer bee (D:7)
1 creature vanquished.

Vanquished Creatures (others)
  A slave (D:7)
  A human (D:3)
  A hound zombie (D:7)
  2 gnolls (D:7)
  A fungus (Lair:1)
  6 spectral weapons
  20 withered plants (Gauntlet)
32 creatures vanquished.

Grand Total: 252 creatures vanquished

Notes
Turn   | Place    | Note
-------+----------+-------------------------------------------
     0 | D:1      | raph the Merfolk Skald began the quest for the Orb.
     0 | D:1      | Reached XP level 1. HP: 16/16 MP: 3/3
   124 | D:1      | Reached XP level 2. HP: 22/22 MP: 3/5
   287 | D:1      | Learned a level 2 spell: Song of Slaying
   636 | D:1      | Reached XP level 3. HP: 27/27 MP: 3/6
   697 | D:1      | Reached skill level 4 in Polearms
   898 | D:2      | Learned a level 3 spell: Spectral Weapon
  1265 | D:2      | Reached XP level 4. HP: 30/33 MP: 2/7
  1409 | D:2      | Found a snail-covered altar of Cheibriados.
  1991 | D:3      | Reached skill level 1 in Hexes
  2176 | D:3      | Found a basalt altar of Yredelemnul.
  2177 | D:3      | Found a shadowy altar of Dithmenos.
  2180 | D:3      | Reached skill level 5 in Polearms
  2799 | D:3      | Reached XP level 5. HP: 33/38 MP: 0/8
  3163 | D:3      | Found an ancient bone altar of Kikubaaqudgha.
  3163 | D:3      | Noticed a human
  3166 | D:3      | Became a worshipper of Kikubaaqudgha
  3166 | D:3      | Killed a human
  3721 | D:4      | Found a shattered altar of Ashenzari.
  3977 | D:4      | Found a glowing drain.
  3994 | Sewer    | Entered a sewer
  4057 | Sewer    | Reached * piety under Kikubaaqudgha
  4057 | Sewer    | Identified Kikubaaqudgha's Tome of Dark Magic
                  | (Kikubaaqudgha gifted it to you in a sewer)
  4057 | Sewer    | Received a gift from Kikubaaqudgha
  4085 | Sewer    | Learned a level 1 spell: Animate Skeleton
  4174 | Sewer    | Reached skill level 5 in Charms
  4252 | Sewer    | Reached XP level 6. HP: 38/44 MP: 6/9
  4394 | Sewer    | Reached skill level 6 in Polearms
  4408 | Sewer    | Reached skill level 1 in Necromancy
  4882 | D:4      | Found a blossoming altar of Fedhas.
  5005 | D:4      | HP: 1/44 [ogre/+0 giant club (25)]
  5345 | D:3      | Learned a level 3 spell: Regeneration
  5410 | D:4      | Reached skill level 7 in Polearms
  5410 | D:4      | Reached XP level 7. HP: 44/50 MP: 7/11
  5530 | D:4      | Noticed Hugehornet's ghost (amateur OpTm)
  5531 | D:4      | Found a runed translucent door.
  5692 | D:5      | Entered Level 5 of the Dungeon
  5730 | D:5      | Found a runed translucent door.
  5731 | D:5      | Noticed Crazy Yiuf
  5744 | D:5      | Killed Crazy Yiuf
  6099 | D:5      | Learned a level 1 spell: Pain
  6263 | D:5      | Reached skill level 8 in Polearms
  6894 | D:6      | Reached XP level 8. HP: 37/56 MP: 5/13
  6982 | D:6      | Learned a level 2 spell: Shroud of Golubria
  7102 | D:6      | Found a staircase to the Ecumenical Temple.
  7154 | D:6      | Reached ** piety under Kikubaaqudgha
  7352 | D:6      | Reached skill level 9 in Polearms
  7532 | D:6      | HP: 1/56 [wyvern zombie (9)]
  8127 | D:7      | Noticed Pikel
  8128 | D:7      | Reached skill level 1 in Armour
  8138 | D:7      | Killed Pikel
  8138 | D:7      | Reached skill level 10 in Polearms
  8138 | D:7      | Reached skill level 1 in Throwing
  8138 | D:7      | Reached XP level 9. HP: 28/63 MP: 9/15
  8741 | D:7      | Reached *** piety under Kikubaaqudgha
  8741 | D:7      | Identified Kikubaaqudgha's Disquisition on Darkness
                  | (Kikubaaqudgha gifted it to you on level 7 of the Dungeon)
  8741 | D:7      | Received a gift from Kikubaaqudgha
  8749 | D:7      | Reached skill level 11 in Polearms
  9527 | D:8      | Found a staircase to the Lair.
  9841 | D:8      | Found a transporter.
  9896 | D:8      | Found a glowing silver altar of Zin.
  9942 | D:8      | Reached XP level 10. HP: 73/73 MP: 10/16
 10050 | D:8      | Noticed Callino's ghost (novice MfGl)
 10130 | D:8      | Found a transporter.
 10582 | Lair:1   | Entered Level 1 of the Lair of Beasts
 10599 | Lair:1   | Reached skill level 12 in Polearms
 10606 | Lair:1   | Found a gate leading to a gauntlet.
 10615 | Gauntlet | Entered a Gauntlet
 10615 | Gauntlet | Found a transporter.
 10615 | Gauntlet | Noticed a death yak
 10616 | Gauntlet | Noticed a thrashing horror
 10616 | Gauntlet | Noticed a death yak
 10617 | Gauntlet | Found a runed translucent gate.
 10618 | Gauntlet | Found a transporter.
 10618 | Gauntlet | Found a runed translucent gate.
 10618 | Gauntlet | Noticed a thrashing horror
 10619 | Gauntlet | Found a transporter.
 10619 | Gauntlet | Noticed a death yak
 10619 | Gauntlet | Noticed a death yak
 10619 | Gauntlet | Noticed a necromancer
 10620 | Gauntlet | Found a transporter.
 10620 | Gauntlet | Noticed a death yak
 10620 | Gauntlet | Noticed a death yak
 10623 | Gauntlet | Found a transporter.
 10624 | Gauntlet | Found a transporter.
 10631 | Gauntlet | Found a runed translucent gate.
 10632 | Gauntlet | Noticed a ghost crab
 10633 | Gauntlet | Found a transporter.
 10633 | Gauntlet | Found a transporter.
 10653 | Gauntlet | Found a transporter.
 10670 | Gauntlet | Found a transporter.
 10674 | Gauntlet | Found a transporter.
 10676 | Gauntlet | Noticed a green death
 10677 | Gauntlet | Noticed an orange demon
 10682 | Gauntlet | Found a transporter.
 10961 | Lair:1   | Reached skill level 1 in Stealth
 10971 | Lair:1   | HP: 2/73 [porcupine's spines (12)]
 10971 | Lair:1   | Mangled by a porcupine

Levels and vault maps discovered:
D:1:      roderic_octagonal_star, layout_loops_ring
D:2:      layout_basic, kennysheep_slug_shrine, first_ration
D:3:      minmay_octagon_keep, layout_basic, gammafunk_temple_overflow_statue,
          tgw_kikubaaqudgha
D:4:      layout_loops_cross, fedhas_altar_1, ashenzari_altar_1,
          gup_sewer_entry_spiral, hellmonk_ghost_happy_afterlife
D:5:      layout_cave_pools, uniq_crazy_yiuf_cottage
D:6:      layout_basic, temple_fountains
D:7:      layout_cave_pools, uniq_pikel
D:8:      layout_rooms, lemuel_doored_altar, lair_entry_dummy,
          gammafunk_ghost_stat_death
D:9:      layout_loops_ring, david_nohive_1
Lair:1:   layout_gridlike, gauntlet_entry_generic, nzn_random_ring

Skill      XL: |  1  2  3  4  5  6  7  8  9 10 |
---------------+-------------------------------+-----
Polearms       | 4 5 7 8 10 11 12 | 12.0
Charms         | 4 5 6 7 8 |  8.0
Hexes          | 1 |  1.4
Necromancy     | 1 2 3 4 |  4.4
Spellcasting   | 3 4 |  4.2
Armour         | 1 2 3 |  3.0
Fighting       | 3 4 |  4.9
Throwing       | 1 3 |  3.5
Dodging        | 3 |  3.2
Stealth        | 1 |  1.3

Action                   |  1- 3 |  4- 6 |  7- 9 | 10-12 || total
-------------------------+-------+-------+-------+-------++-------
Melee: Spear             |   130 |   281 |    68 |       ||   479
       Tailslap          |       |     8 |       |       ||     8
       Trident           |       |       |   227 |    45 ||   272
Throw: Stone             |       |     1 |       |       ||     1
       Dart              |       |       |     3 |       ||     3
 Cast: Infusion          |    16 |    30 |     7 |     1 ||    54
       Spectral Weapon   |       |     7 |    35 |     5 ||    47
       Animate Skeleton  |       |     7 |    16 |     6 ||    29
       Song of Slaying   |       |     4 |     6 |     2 ||    12
       Regeneration      |       |       |    15 |     2 ||    17
       Pain              |       |       |     3 |     1 ||     4
       Shroud of Golubri |       |       |     1 |     3 ||     4
  Use: Scroll            |       |    14 |     6 |     3 ||    23
       Potion            |       |       |     3 |       ||     3
 Stab: Sleeping          |       |     5 |     1 |       ||     6
       Distracted        |       |     1 |     5 |       ||     6
       Fleeing           |       |       |     1 |       ||     1
  Eat: Chunk             |     2 |    14 |    11 |     2 ||    29
       Ration            |       |       |     3 |     1 ||     4
Armor: Leather armour    |    19 |    52 |    53 |     6 ||   130
Dodge: Dodged            |    47 |   103 |   156 |    23 ||   329
